 Dungeon Crawl Stone Soup version 0.19-a0-1008-g4c63d25 (webtiles) character file.

382 Implojin the Ruffian (level 6, -9/51 HPs)
             Began as a Minotaur Fighter on July 21, 2016.
             Mangled by jasper's ghost (12 damage)
             ... on level 6 of the Dungeon.
             The game lasted 00:02:48 (568 turns).

Implojin the Ruffian (Minotaur Fighter)              Turns: 568, Time: 00:02:49

Health: -9/51      AC:  6    Str: 25    XL:     6   Next: 47%
Magic:  5/5        EV:  7    Int:  5    God:
Gold:   16         SH: 10    Dex: 12    Spells: 0 memorised, 5 levels left

rFire  . . .     SeeInvis .       - Unarmed
rCold  . . .     Gourm    .     a - +0 scale mail
rNeg   . . .     Faith    .     b - +0 shield
rPois  .         Spirit   .     (helmet restricted)
rElec  .         Dismiss  .     (no cloak)
rCorr  .         Reflect  .     (no gloves)
SustAt .         Harm     .     (no boots)
MR     .....                    (no amulet)
Stlth  ..........               (no ring)
                                (no ring)

@: mighty, not resistant to hostile enchantments, extremely unstealthy
A: retaliatory headbutt, horns 2
a: no special abilities


You were on level 6 of the Dungeon.
You were not hungry.

You visited 1 branch of the dungeon, and saw 6 of its levels.

You collected 16 gold pieces.

Inventory:

Armour
 a - a +0 scale mail (worn)
 b - a +0 shield (worn)
Wands
 m - a wand of lightning (9/15)
 p - a wand of lightning (11/15)
Scrolls
 e - 2 scrolls of identify {unknown}
 h - a scroll of magic mapping {unknown}
 i - a scroll of fear {unknown}
 k - a scroll of fog {unknown}
 l - a scroll of remove curse {unknown}
 n - a scroll of enchant weapon {unknown}
Potions
 f - a potion of heal wounds {unknown}
 g - a potion of haste {unknown}
 j - a potion of agility {unknown}
Comestibles
 d - 2 bread rations
 o - a meat ration


   Skills:
 - Level 3.6 Fighting
 - Level 3.6 Armour
 - Level 3.6 Shields
 * Level 7.6 Unarmed Combat


You had 5 spell levels left.
You didn't know any spells.

Dungeon Overview and Level Annotations

Branches:
Dungeon (6/15)
 Temple: D:4-7

Altars:
Ashenzari
Makhleb

Annotations:
D:6 jasper's ghost, novice FeWn


Innate Abilities, Weirdness & Mutations

You reflexively headbutt those who attack you in melee.
You have a pair of horns on your head.


Message History

* * * LOW HITPOINT WARNING * * *
Unknown command.
You miss jasper's ghost. Jasper's ghost casts a spell at you.
You resist with significant effort.
You miss jasper's ghost.
Jasper's ghost casts a spell.
Jasper's ghost begins repelling missiles!
You miss jasper's ghost. Your headbutt misses jasper's ghost.
You block jasper's ghost's attack.
Your shield prevents you from hitting jasper's ghost.
Your headbutt misses jasper's ghost.
Jasper's ghost casts a spell.
Jasper's ghost blinks!
Jasper's ghost casts a spell.
Jasper's ghost blinks!
Found a stone staircase leading down.
You block jasper's ghost's attack.
You barely miss jasper's ghost. You headbutt jasper's ghost!
Jasper's ghost is moderately damaged.
Jasper's ghost hits you but does no damage.
You miss jasper's ghost. Your headbutt misses jasper's ghost.
Jasper's ghost is moderately damaged.
Jasper's ghost hits you.
* * * LOW HITPOINT WARNING * * *
Unknown command.
You miss jasper's ghost. Your headbutt misses jasper's ghost.
Jasper's ghost is moderately damaged.
Jasper's ghost hits you!
* * * LOW HITPOINT WARNING * * *
You closely miss jasper's ghost. Your headbutt misses jasper's ghost.
Jasper's ghost is moderately damaged.
You block jasper's ghost's attack.
Okay, then.
You miss jasper's ghost.
Jasper's ghost is moderately damaged.
You closely miss jasper's ghost.
Jasper's ghost is moderately damaged.
Jasper's ghost hits you!
You die...

.............##
....$......[.... ..
.....[.......#. .#
.......<....... .#
.....#(......## .#
##.#######..## .#
#.# ###.## .## #.#
##.#.## ###?.#####
#.#
##.....###.@......#
#.#
#..##.......W.....#
##.#
#.###.###.........#
#..# #.# #.#
##........# #.##
#.# #.# #.........
#.####.# #.#
#........# #.#....#
#.# #......!>#
#...#### #.#
#......... ...##
#.# #........


You could see jasper's ghost.

Vanquished Creatures
  Menkaure (D:4)
  An ogre (D:5)
  A howler monkey (D:5)
  2 giant frog skeletons
  Ijyb (D:3)
  A worker ant (D:4)
  2 adders
  An ooze (D:5)
  An adder zombie (D:6)
  A giant gecko (D:4)
  An orc (D:6)
  2 bats (D:3)
  A giant cockroach (D:1)
  3 hobgoblins
  A quokka (D:5)
  A rat (D:1)
21 creatures vanquished.

Notes
Turn   | Place    | Note
-------+----------+-------------------------------------------
     0 | D:1      | Implojin the Minotaur Fighter began the quest for the Orb.
     0 | D:1      | Reached XP level 1. HP: 19/19 MP: 0/0
   179 | D:3      | Reached skill level 3 in Unarmed Combat
   187 | D:3      | Found a shattered altar of Ashenzari.
   239 | D:3      | Noticed a centaur
   249 | D:3      | Noticed Ijyb
   259 | D:3      | Reached XP level 2. HP: 21/26 MP: 1/1
   260 | D:3      | Killed Ijyb
   260 | D:3      | Reached skill level 4 in Unarmed Combat
   260 | D:3      | Reached XP level 3. HP: 25/31 MP: 2/2
   266 | D:4      | Noticed Menkaure
   271 | D:4      | Killed Menkaure
   271 | D:4      | Reached skill level 5 in Unarmed Combat
   271 | D:4      | Reached XP level 4. HP: 18/39 MP: 3/3
   271 | D:4      | Reached XP level 5. HP: 21/45 MP: 4/4
   274 | D:4      | Reached skill level 6 in Unarmed Combat
   343 | D:5      | Entered Level 5 of the Dungeon
   343 | D:5      | Noticed an ogre
   365 | D:5      | Killed an ogre
   365 | D:5      | Reached skill level 7 in Unarmed Combat
   365 | D:5      | Reached XP level 6. HP: 18/51 MP: 5/5
   480 | D:6      | Found a burning altar of Makhleb.
   548 | D:6      | Noticed jasper's ghost (novice FeWn)
   565 | D:6      | HP: 2/51 [jasper's ghost (11)]
   568 | D:6      | Mangled by jasper's ghost

Vault maps used:
D:1:      dpeg_arrival_tiny_h, wad_woods_river_04, corexii_leaking_fountain
D:2:      uniq_sigmund
D:3:      nicolae_ashenzari_panopticon, uniq_iyjb
D:4:      lemuel_upstairs_altar, uniq_menkaure
D:5:      nicolae_gozag_seed_capital, first_bread
D:6:      lemuel_doored_altar

Skill      XL: |  1  2  3  4  5 |
---------------+----------------+-----
Unarmed Combat | 3 4 5 7 |  7.6
Fighting       | |  3.6
Armour         | |  3.6
Shields        | |  3.6

Action                   |  1- 3 |  4- 6 || total
-------------------------+-------+-------++-------
Melee: Unarmed           |    24 |    44 ||    68
       Headbutt          |     4 |     6 ||    10
  Use: Potion            |     1 |     2 ||     3
Armor: Scale mail        |    19 |     9 ||    28
Dodge: Dodged            |    14 |     5 ||    19
Block: Shield            |    23 |    17 ||    40

Table legend:
 A = Turns spent in this place as a percentage of turns spent in the entire game.
 B = Non-inter-level travel turns spent in this place as a percentage of non-inter-level travel turns spent in the entire game.
 C = Inter-level travel turns spent in this place as a percentage of turns spent in this place.
 D = Turns resting spent in this place as a percentage of non-inter-level travel turns spent in this place.
 E = Turns spent auto-exploring this place as a percentage of non-inter-level travel turns spent in this place.
 F = Non-inter-level travel turns spent in this place divided by the number of levels of this place that you've seen.
                   A       B       C       D       E      F
               +-------+-------+-------+-------+-------+----------------------
         Total | 100.0 | 100.0 |   0.0 |   0.0 |   0.0 |  98.5
       Dungeon | 100.0 | 100.0 |   0.0 |   0.0 |   0.0 |  98.5
               +-------+-------+-------+-------+-------+----------------------

Table legend:
 A = Kills in this place as a percentage of kills in entire the game.
 B = Kills by you in this place as a percentage of kills by you in the entire game.
 C = Kills by friends in this place as a percentage of kills by friends in the entire game.
 D = Other kills in this place as a percentage of other kills in the entire game.
 E = Experience gained in this place as a percentage of experience gained in the entire game.
 F = Experience gained in this place divided by the number of levels of this place that you have seen.
                   A       B       C       D       E      F
               +-------+-------+-------+-------+-------+----------------------
         Total | 100.0 | 100.0 |  -nan |  -nan | 100.0 |  91.2
       Dungeon | 100.0 | 100.0 |  -nan |  -nan | 100.0 |  91.2
               +-------+-------+-------+-------+-------+----------------------
